 Dungeon Crawl Stone Soup version 0.01-2115-ge649c80b0b (webtiles) character file.

Game seed: 16696896783794501048, levelgen mode: deterministic

1363 Lanoc the Fighter (level 8, -2/75 HPs) Purple Draconian Demonspawn. Began on June 6, 2020. Slain by a wight ... wielding a +0 trident (5 damage) ... on level 4 of the Dungeon. The game lasted 00:06:42 (2241 turns).

Lanoc the Fighter (Purple Draconian Demonspawn)     Turns: 2241, Time: 00:06:43

Health: -2/75      AC:  7    Str: 16    XL:     8 ^: 850
Magic:  12/12      EV: 14    Int: 13    God:
Gold:   0          SH:  0    Dex: 13    Spells: 11/12 levels left

rFire    . . .     Vision   .   e - +0 short sword (elec)
rCold    + . .     Gourm    +   h - +1 mace (acid)
rNeg     . . .     Faith    .   (armour unavailable)
rPois    .         Spirit   .   (helmet restricted)
rElec    .         Reflect  .   (no cloak)
rCorr    .         Harm     .   (no gloves)
MR       ++...                  (no boots)
Stlth    +.........             a - amulet of the gourmand
HPRegen  0.35/turn              (no ring)
MPRegen  0.22/turn              (no ring)

@: heavily drained
A: no body armour, unfitting armour, antennae 2, cold resistance 1, demonic
guardian 1, cold-blooded, hexes enhancer 1, MR++, AC +7
a: Breathe Dispelling Energy


You were on level 4 of the Dungeon.
You were not hungry.

You visited 1 branch of the dungeon, and saw 4 of its levels.

Inventory:

Weapons
 e - a +0 short sword of electrocution (weapon)
 h - a +1 mace of caustic ooze (weapon)
Jewellery
 a - an amulet of the gourmand (around neck)
Wands
 n - a wand of flame (12)
Scrolls
 b - a scroll of fear
 f - a scroll of amnesia
 g - 4 scrolls of teleportation
 i - 3 scrolls of magic mapping
Potions
 d - 2 potions of curing
 j - a potion of berserk rage
 k - a potion of brilliance
 m - 2 potions of heal wounds
Comestibles
 c - 13 rations


   Skills:
 + Level 8.3(6.4) Fighting
   Level 1.5(0.0) Long Blades
 + Level 6.1(4.3) Dodging
 - Level 1.3(0.0) Stealth
 - Level 2.6(1.0) Spellcasting
   Level 3.0(1.3) Invocations


You had 11 spell levels left.
You knew the following spells:

 Your Spells              Type           Power        Failure   Level  Hunger
a - Flame Tongue          Fire           0 (40)       28%         1    ##.....

Your spell library contained the following spells:

 Spells                   Type           Power        Failure   Level  Hunger
 Blink                    Tloc           N/A          38%         2    ###....
 Call Imp                 Summ           0 (100)      38%         2    ###....
 Slow                     Hex            1 (100)      38%         2    ###....
 Conjure Flame            Fire           0 (100)      63%         3    ####...
 Mephitic Cloud           Pois/Air       0 (100)      63%         3    ####...


Dungeon Overview and Level Annotations

Branches:
Dungeon (4/8)
 Temple: D:4

Altars:
Gozag

Annotations:
D:4 Maurice


Innate Abilities, Weirdness & Mutations

You cannot fit into any form of body armour.
Your rich purple scales are hard. (AC +7)
You can breathe bolts of dispelling energy.
You have a pair of antennae on your head.
You are cold resistant. (rC+)
A weak demonic guardian rushes to your aid.
You are cold-blooded and may be slowed by cold attacks.
You are in touch with the powers of hexes.
Your rich purple scales protect you from hostile magic. (MR++)


Message History

The wight barely misses you (0). x2; Maurice zaps a wand.
You resist with almost no effort.
Your white imp hits the wight but does no damage.
The wight barely misses you (0).
The wight hits you from afar with a +0 trident (2).
The wight misses you (0).
The wight barely misses your white imp (0).
The wight hits you from afar with a cursed +0 spear {(Curse: Fragile)} (5).
* * * LOW HITPOINT WARNING * * *
You feel drained.
* * * LOW HITPOINT WARNING * * *
Maurice closely misses you (0).
Your white imp closely misses the wight (0).
The wight hits you from afar with a +0 spear (3).
* * * LOW HITPOINT WARNING * * *
You feel drained.
The wight hits you from afar with a +0 trident (13)!
* * * LOW HITPOINT WARNING * * *
You feel drained.
You die...

##### #######
...##.......
###.#.5z.....
#....@zz.....
#.#..#@z.....
#.##.z.....
###.# .......
#...# .......
#'### .......
##.# ##+####
#..# #.
#########.###
##.##########


You could see Maurice, 5 wights and a friendly white imp.

Vanquished Creatures
  A rock worm zombie (D:4)
  An ogre (D:3)
  A crocodile (D:2)
  A big kobold (D:2)
  2 bullfrogs (D:4)
  A howler monkey (D:3)
  2 scorpions
  3 orc wizards (D:3)
  An orc priest (D:3)
  3 jellies (D:2)
  A worker ant (D:4)
  A wyvern zombie (D:3)
  2 bullfrog skeletons
  A porcupine skeleton (D:3)
  6 adders
  32 sewer rats
  A white imp (D:3)
  9 cinder newts
  3 oozes
  2 leopard geckos (D:2)
  6 orcs
  4 adder skeletons
  2 ball pythons (D:2)
  5 bats
  4 giant cockroaches
  3 goblins (D:1)
  7 hobgoblins (D:1)
  2 jackals (D:3)
  3 kobolds
  A ball python skeleton (D:2)
  4 rats (D:1)
115 creatures vanquished.

Vanquished Creatures (collateral kills)
  A big kobold (D:3)
  A sewer rat (D:2)
  A cinder newt (D:2)
  A leopard gecko (D:3)
  A ball python (D:3)
5 creatures vanquished.

Vanquished Creatures (others)
  2 jellies (D:2)
  10 sewer rats (D:2)
  An adder skeleton (D:2)
  A cinder newt skeleton (D:2)
  2 giant cockroaches (D:2)
  A jackal (D:3)
  2 ball python skeletons (D:2)
  A rat (D:2)
  7 withered plants (D:2)
27 creatures vanquished.

Grand Total: 147 creatures vanquished

Notes
Turn   | Place    | Note
-------+----------+-------------------------------------------
     0 | D:1      | Lanoc the Immature Draconian Demonspawn began the quest for
                  | the Orb.
     0 | D:1      | Reached XP level 1. HP: 18/18 MP: 4/4
   116 | D:1      | Reached skill level 3 in Fighting
   116 | D:1      | Gained mutation: You have a pair of small antennae on your
                  | head. [demonic ancestry]
   116 | D:1      | Reached XP level 2. HP: 8/26 MP: 5/5
   337 | D:2      | Gained mutation: You have a pair of antennae on your head.
                  | [demonic ancestry]
   337 | D:2      | Reached XP level 3. HP: 26/31 MP: 5/7
   438 | D:1      | Reached XP level 4. HP: 28/40 MP: 8/8
   471 | D:1      | Reached skill level 4 in Fighting
   923 | D:2      | Noticed a big kobold
   930 | D:2      | Killed a big kobold
   930 | D:2      | Reached XP level 5. HP: 38/47 MP: 5/9
   959 | D:2      | Reached skill level 5 in Fighting
  1074 | D:2      | Gained mutation: You are cold resistant. (rC+) [demonic
                  | ancestry]
  1074 | D:2      | Reached XP level 6. HP: 56/56 MP: 8/10
  1187 | D:2      | Reached skill level 6 in Fighting
  1252 | D:2      | Your scales start taking on a rich purple colour.
  1252 | D:2      | Reached XP level 7. HP: 51/63 MP: 2/11
  1252 | D:2      | Gained mutation: A weak demonic guardian rushes to your
                  | aid. [demonic ancestry]
  1252 | D:2      | Gained mutation: Your rich purple scales protect you from
                  | hostile magic. (MR++) [Purple Draconian growth]
  1252 | D:2      | Gained mutation: You are in touch with the powers of hexes.
                  | [Purple Draconian growth]
  1281 | D:2      | Found an opulent altar of Gozag.
  1453 | D:3      | Reached skill level 5 in Dodging
  1531 | D:3      | Reached skill level 7 in Fighting
  1799 | D:3      | Reached XP level 8. HP: 73/73 MP: 12/12
  2060 | D:4      | Reached skill level 8 in Fighting
  2237 | D:4      | Noticed Maurice
  2241 | D:4      | HP: 3/75 [wight/+0 trident (13)]
  2241 | D:4      | Slain by a wight

Levels and vault maps discovered:
D:1:      wheals_arrival_linesprint, layout_basic
D:2:      layout_sewer, good_gods_mini_temple, overflow_temple_1_default,
          kennysheep_little_box, first_ration, minmay_pentomino_pile,
          uniq_jessica
D:3:      ossuary_minmay_chase, layout_rooms, hex_tiny, blue_anna_alchemist
          [blue_anna_fruit_fields, blue_anna_fruit_fields]
D:4:      layout_roguey, eat_drink_and_be_merry_uskayaw,
          minmay_temple_entry_statues_fountains, uniq_maurice

Skill      XL: |  1  2  3  4  5  6  7  8 |
---------------+-------------------------+-----
Fighting       | 3 4 5 6 7 8 |  8.3
Dodging        | 3 4 5 6 |  6.1
Long Blades    | |  1.5
Stealth        | |  1.3
Spellcasting   | |  2.6
Invocations    | |  3.0

Action                   |  1- 3 |  4- 6 |  7- 9 || total
-------------------------+-------+-------+-------++-------
Melee: Long sword        |    21 |     3 |       ||    24
       Unarmed           |     9 |       |       ||     9
       Short sword       |    20 |    56 |    81 ||   157
       Tailslap          |     5 |     2 |    11 ||    18
       Mace              |       |    27 |    59 ||    86
 Cast: Flame Tongue      |     2 |    25 |       ||    27
 Abil: Breathe Dart      |       |     1 |       ||     1
       Breathe Dispellin |       |       |     2 ||     2
 Stab: Sleeping          |     2 |     2 |       ||     4
  Eat: Chunk             |       |     6 |     2 ||     8
Armor: Skin              |     3 |    35 |    44 ||    82
Dodge: Dodged            |    45 |    93 |   124 ||   262
       Rpst.: Unarmed    |     6 |       |       ||     6
       Long sword        |     4 |       |       ||     4
